cohdb
Replays
Latest Replays
All Replays
Popular Replays
Top Player Replays
Match Explorer
How It Works
Community
CoH3 Stats
Reddit
Sign in to upload your games and track your stats! →
Sign in with Steam
Match 44423480
Unlisted
Match 44423480
Overview
Messages
Build Orders
End
Royal Engineer Section
Construct Section Command Post
Selects Canadian Shock Battlegroup
Vickers Machine Gun Team
Selects Attacking Spirit
Selects Canadian Shock Section
Canadian Shock Section
Royal Engineer Section
Construct Platoon Command Post
Selects Incendiary Munitions
Canadian Shock Section
CMP 15cwt Truck
Selects Pyrotechnics
Humber Armored Car
CMP 15cwt Truck
Canadian Shock Section
Construct Company Command Post
Selects Churchill Crocodile Heavy Tank
Selects Churchill Crocodile Heavy Tank
Scam Likely
Serial Chiller
WaniG5
Strategenman
[BBC] octo
KisMarT
El_Wittman
Cuitlahac
0
0
Comments
sign in to comment!
No comments posted yet!